 Dungeon Crawl Stone Soup version 0.21.1-1-g345015f (webtiles) character file.

7859 erloom the Arsonist (level 11, -11/84 HPs)
             Began as a Demonspawn Fire Elementalist on Mar 17, 2018.
             Was an Initiate of Vehumet.
             Mangled by a blink frog (16 damage)
             ... on level 1 of the Lair of Beasts.
             The game lasted 01:02:01 (13572 turns).

erloom the Arsonist (Demonspawn Fire Elementalist) Turns: 13572, Time: 01:02:01

Health: -11/84     AC: 11    Str: 11    XL:     11   Next: 2%
Magic:  22/23      EV: 11    Int: 18    God:    Vehumet [......]
Gold:   569        SH:  0    Dex: 17    Spells: 13/26 levels left

rFire    + . .     SeeInvis .   i - +4 short sword (speed)
rCold    . . .     Gourm    .   (no shield)
rNeg     + . .     Faith    +   l - +2 ring mail {rF+}
rPois    .         Spirit   .   (no helmet)
rElec    .         Reflect  .   (no cloak)
rCorr    .         Harm     .   x - +2 pair of gloves
MR       +....                  p - +0 pair of boots
Stlth    ++........             G - amulet of faith
HPRegen  0.24/turn              D - ring of protection from magic
MPRegen  0.18/turn              O - ring of positive energy

@: no status effects
A: hooves 1, thin skeletal structure 2, spiny 1
a: Renounce Religion


You were on level 1 of the Lair of Beasts.
You worshipped Vehumet.
Vehumet was noncommittal.
You were not hungry.

You visited 3 branches of the dungeon, and saw 11 of its levels.
You also visited: Ossuary.

You collected 569 gold pieces.

Inventory:

Hand Weapons
 d - a +2 dagger of venom
 e - a +0 dagger
 i - a +4 short sword of speed (weapon)
 M - a +2 trident of venom
Armour
 a - a +0 robe
 l - a +2 ring mail of fire resistance (worn)
 p - a +0 pair of boots (worn)
 x - a +2 pair of gloves (worn)
 y - a +2 leather armour of cold resistance
 B - a -2 robe
Jewellery
 D - a ring of protection from magic (left hand)
 G - an amulet of faith (around neck)
 O - a ring of positive energy (right hand)
Wands
 z - a wand of paralysis (25)
 C - a wand of enslavement (11)
 L - a wand of disintegration (14)
Scrolls
 f - a scroll of fog
 k - 2 scrolls of blinking
 t - 3 scrolls of magic mapping
 u - a scroll of brand weapon
 v - 3 scrolls of remove curse
 H - a scroll of enchant armour
 J - 2 scrolls of enchant weapon
 N - a scroll of amnesia
 P - a scroll of fear {unknown}
Potions
 g - a potion of magic
 h - 6 potions of curing
 j - a potion of agility
 m - 2 potions of resistance
 n - 4 potions of mutation {unknown}
 q - a potion of ambrosia
 r - 3 potions of brilliance {unknown}
 s - 4 potions of lignification {unknown}
 w - 2 potions of flight {unknown}
 A - 2 potions of might {unknown}
 E - a potion of degeneration {unknown}
 F - a potion of invisibility
 I - 3 potions of haste {unknown}
 K - a potion of heal wounds {unknown}
 R - a potion of cancellation {unknown}
Books
 b - a book of Flames

   Spells                             Type                      Level
   a - Flame Tongue                   Conjuration/Fire             1
   b - Throw Flame                    Conjuration/Fire             2
   c - Conjure Flame                  Conjuration/Fire             3
   d - Inner Flame                    Hexes/Fire                   3
   e - Sticky Flame                   Conjuration/Fire             4
   f - Fireball                       Conjuration/Fire             5
 Q - a book of Cantrips

   Spells                             Type                      Level
   a - Confusing Touch                Hexes                        1
   b - Animate Skeleton               Necromancy                   1
   c - Summon Small Mammal            Summoning                    1
   d - Apportation                    Translocation                1
Comestibles
 c - 18 rations


   Skills:
 + Level 7.2 Fighting
 - Level 3.1 Short Blades
 - Level 1.7 Dodging
 - Level 1.7 Stealth
 + Level 8.1 Spellcasting
 + Level 8.6 Conjurations
 + Level 8.6 Fire Magic


You had 13 spell levels left.
You knew the following spells:

 Your Spells              Type           Power        Failure   Level  Hunger
a - Flame Tongue          Conj/Fire      #####        1%          1    None
b - Conjure Flame         Conj/Fire      #####...     1%          3    #......
c - Throw Flame           Conj/Fire      #####.       1%          2    None
d - Sticky Flame          Conj/Fire      #####...     7%          4    ###....
e - Inner Flame           Hex/Fire       ###.....     12%         3    #......


Dungeon Overview and Level Annotations

Branches:
Dungeon (8/15)             Temple (1/1) D:6            Lair (2/6) D:8
  Swamp: Lair:2-4    Shoals: Lair:2-4     Snake: Lair:2-4    Spider: Lair:2-4

Altars:
Ashenzari
Cheibriados
Dithmenos
Elyvilon
Fedhas
Gozag
Hepliaklqana
Kikubaaqudgha
Makhleb
Nemelex Xobeh
Okawaru
Qazlal
Ru
Sif Muna
Trog
Uskayaw
Vehumet
Wu Jian
Xom
Yredelemnul
Zin
The Shining One

Shops:
D:7 %

Annotations:
D:2 Sigmund
D:3 exclusion: oklob plant


Innate Abilities, Weirdness & Mutations

You have large cloven feet.
You have a moderately thin skeletal structure. (Dex +4, Stealth+)
You are partially covered in sharp spines.


Message History

* * * LOW HITPOINT WARNING * * *
There is a stone staircase leading up here.
The wolf bites you.
* * * LOW HITPOINT WARNING * * *
The blink frog completely misses you.
You climb upwards.
There is a stone staircase leading down here.
The wolf bites you but does no damage.
The blink frog hits you but does no damage.
The wolf barely misses you. The blink frog barely misses you.
Casting: Throw Flame
Confirm with . or Enter, or press ? or * to list all spells.
Aiming: Flame Tongue
Press: ? - help, Shift-Dir - straight line, f - blink frog
Aim: a blink frog The flame tongue misses the blink frog.
The flame tongue hits the wolf.
The wolf is almost dead.
The blink frog hits you!
You die...

≈≈≈### ##≈)≈≈. ## ## ## .)≈≈)≈.
........ .... .. .≈≈≈≈≈.
.....#.###.###...# _≈≈≈≈≈.
P............. .## .≈≈≈≈≈.
#..#........#..... . .≈≈≈≈≈.####
#..#........#........ #((.#
#..#........#...##... #...#
#..#@...........##... #'###
#.hF........#...# ... ### ##.#
##..##.####..#...###..
..####.'####................##..#
................>................
.................................
.................................
.................................
.................................


You could see a blink frog and a wolf.

Vanquished Creatures
  A hydra (Lair:1)
  A two-headed ogre (D:8)
  Psyche (D:8)
  A black mamba (Lair:1)
  A spiny frog (Lair:1)
  A blink frog (Lair:2)
  A hippogriff (D:8)
  The ghost of Phong the Sneak, an amateur OpEn of Nemelex Xobeh (D:5)
  A yak (D:7)
  A wyvern (D:8)
  3 hogs (D:7)
  A human (D:7)
  A hungry ghost (D:8)
  An acid dragon (D:6)
  2 water moccasins (Lair:1)
  A porcupine (Lair:1)
  A necrophage (D:5)
  2 ice beasts
  An orc warrior (D:6)
  A phantom (D:8)
  4 ogres
  6 wolves (Lair:2)
  4 centaurs (Lair:1)
  2 crocodiles (Lair:1)
  A gnoll sergeant (D:8)
  5 bullfrogs
  A scorpion (D:6)
  A howler monkey (D:8)
  4 crimson imps
  A bullfrog zombie (D:5)
  2 hounds
  A jelly (D:8)
  2 orc priests (D:5)
  2 bullfrog skeletons
  A gnoll shaman (D:6)
  7 orc wizards
  A centaur skeleton (D:8)
  Jessica (D:2)
  5 iguanas
  Natasha (thrice) (D:3)
  6 worker ants
  A big kobold zombie (Ossuary)
  A hound skeleton (D:8)
  8 mummies (Ossuary)
  A worker ant zombie (D:7)
  12 gnolls
  17 adders
  2 shadow imps
  An ooze (D:3)
  3 worms
  3 dart slugs
  3 leopard geckos
  15 orcs
  10 giant cockroaches
  19 goblins
  4 hobgoblins
  14 jackals
  9 quokkas
  4 bats
  2 frilled lizards
  2 goblin zombies (D:8)
  3 hobgoblin zombies
  A jackal skeleton (D:5)
  7 kobolds
  3 kobold zombies
  An orc skeleton (D:8)
  7 orc zombies
  A quokka skeleton (D:7)
  A quokka zombie (D:5)
  6 rats
245 creatures vanquished.

Notes
Turn   | Place    | Note
-------+----------+-------------------------------------------
     0 | D:1      | erloom the Demonspawn Fire Elementalist began the quest for the Orb.
     0 | D:1      | Reached XP level 1. HP: 13/13 MP: 3/3
   260 | D:1      | Gained mutation: You have a somewhat thin skeletal structure. (Dex +2, Stealth) [demonic ancestry]
   260 | D:1      | Reached XP level 2. HP: 18/19 MP: 1/5
  1185 | D:1      | Reached XP level 3. HP: 22/24 MP: 2/6
  1195 | D:1      | Learned a level 3 spell: Conjure Flame
  2037 | D:2      | Found a burning altar of Makhleb.
  2246 | D:2      | Noticed Sigmund
  2635 | D:2      | Reached XP level 4. HP: 30/30 MP: 4/7
  3118 | D:2      | Noticed Jessica
  3573 | D:3      | Found an opulent altar of Gozag.
  3591 | D:3      | Noticed Natasha
  3609 | D:3      | Killed Natasha
  3765 | D:3      | Noticed Natasha
  3778 | D:3      | Killed Natasha
  3778 | D:3      | Reached XP level 5. HP: 35/35 MP: 7/9
  3903 | D:3      | Noticed Natasha
  3913 | D:3      | Killed Natasha
  3913 | D:3      | Reached skill level 1 in Short Blades
  4115 | D:3      | Found a blossoming altar of Fedhas.
  4131 | D:3      | Noticed an oklob plant
  4389 | D:2      | Killed Jessica
  4787 | D:4      | Found an ornate altar of the Wu Jian Council.
  4803 | D:4      | Gained mutation: You have a moderately thin skeletal structure. (Dex +4, Stealth+) [demonic ancestry]
  4803 | D:4      | Reached XP level 6. HP: 41/41 MP: 8/11
  5655 | D:4      | Found a shimmering altar of Xom.
  5735 | D:5      | Entered Level 5 of the Dungeon
  5816 | D:5      | Noticed Phong's ghost (amateur OpEn)
  6086 | D:5      | Reached XP level 7. HP: 46/46 MP: 2/13
  6194 | D:5      | Reached skill level 5 in Fire Magic
  6233 | D:5      | Killed Phong's ghost
  6659 | D:5      | Gained mutation: You are partially covered in sharp spines. [demonic ancestry]
  6659 | D:5      | Reached XP level 8. HP: 53/53 MP: 1/14
  6821 | D:5      | Reached skill level 1 in Fighting
  6887 | D:5      | Found a hazy altar of Hepliaklqana.
  6887 | D:5      | Found a white marble altar of Elyvilon.
  7290 | D:7      | Found Rarghaag's Food Shop.
  7348 | D:7      | Reached skill level 5 in Spellcasting
  7348 | D:7      | Reached skill level 5 in Conjurations
  7801 | D:7      | Paralysed by an orc wizard for 6 turns
  7816 | D:7      | Paralysed by an orc wizard for 3 turns
  7879 | D:7      | Found a sand-covered staircase.
  7884 | Ossuary  | Entered an ossuary
  8053 | Ossuary  | Learned a level 2 spell: Throw Flame
  8418 | D:6      | Reached XP level 9. HP: 64/64 MP: 7/17
  9667 | D:6      | Found a deep blue altar of Sif Muna.
  9986 | D:6      | Found a staircase to the Ecumenical Temple.
  9995 | Temple   | Entered the Ecumenical Temple
 10840 | D:8      | Reached skill level 5 in Fighting
 11031 | D:8      | Noticed Psyche
 11112 | D:8      | Killed Psyche
 11262 | D:8      | Reached XP level 10. HP: 74/74 MP: 10/20
 11332 | D:8      | Found a staircase to the Lair.
 11423 | D:8      | Found an ancient bone altar of Kikubaaqudgha.
 11457 | D:8      | Noticed an angel
 11458 | D:8      | Found a glowing silver altar of Zin.
 11549 | D:8      | Found a glowing golden altar of the Shining One.
 11643 | D:8      | Learned a level 4 spell: Sticky Flame
 11647 | D:8      | Learned a level 3 spell: Inner Flame
 11667 | D:8      | Noticed a two-headed ogre
 11740 | D:8      | Killed a two-headed ogre
 12162 | D:8      | Found a radiant altar of Vehumet.
 12170 | D:8      | Became a worshipper of Vehumet
 12242 | Lair:1   | Entered Level 1 of the Lair of Beasts
 12246 | Lair:1   | Noticed a black mamba
 12265 | Lair:1   | Killed a black mamba
 12479 | Lair:1   | Found a snail-covered altar of Cheibriados.
 12609 | Lair:1   | Noticed a spiny frog
 12619 | Lair:1   | Killed a spiny frog
 12654 | Lair:1   | Noticed an eight-headed hydra
 12695 | Lair:1   | Killed an eight-headed hydra
 13547 | Lair:2   | Noticed a spriggan rider
 13559 | Lair:2   | Gained mutation: You have large cloven feet. [demonic ancestry]
 13559 | Lair:2   | Reached XP level 11. HP: 6/84 MP: 23/23
 13565 | Lair:2   | HP: 4/84 [wolf (3)]
 13572 | Lair:1   | Mangled by a blink frog

Skill      XL: |  1  2  3  4  5  6  7  8  9 10 |
---------------+-------------------------------+-----
Fire Magic     | 3 4 5 6 7 8 |  8.6
Conjurations   | 2 3 4 5 7 8 |  8.6
Spellcasting   | 3 4 5 6 8 |  8.1
Short Blades   | 1 2 3 |  3.1
Fighting       | 3 5 7 |  7.2
Dodging        | |  1.7
Stealth        | |  1.7

Action                   |  1- 3 |  4- 6 |  7- 9 | 10-12 || total
-------------------------+-------+-------+-------+-------++-------
Melee: Dagger            |    26 |     6 |       |       ||    32
       Short sword       |       |   142 |   154 |   120 ||   416
 Cast: Flame Tongue      |    61 |    78 |   236 |    63 ||   438
       Conjure Flame     |     3 |     4 |    20 |     6 ||    33
       Throw Flame       |       |       |    19 |    20 ||    39
  Use: Scroll            |       |     6 |    12 |     2 ||    20
  Eat: Chunk             |     6 |     8 |     7 |     4 ||    25
       Ration            |       |     1 |     3 |     1 ||     5
Armor: Robe              |    14 |     2 |       |       ||    16
       Ring mail         |       |    30 |    50 |    46 ||   126
Dodge: Dodged            |    35 |    58 |    44 |    55 ||   192
